 Dungeon Crawl Stone Soup version 0.21.1-1-g345015f (webtiles) character file.

2187 aMcNicky the Basher (level 9, -2/83 HPs)
             Began as a Minotaur Berserker on Mar 3, 2018.
             Was an Elder of Trog.
             Slain by a scorpion (7 damage)
             ... on level 7 of the Dungeon on Mar 4, 2018.
             The game lasted 00:21:46 (5775 turns).

aMcNicky the Basher (Minotaur Berserker)            Turns: 5775, Time: 00:21:46

Health: -2/83      AC: 10    Str: 25    XL:     9   Next: 11%
Magic:  8/8        EV:  9    Int:  4    God:    Trog [****..]
Gold:   327        SH:  0    Dex: 10    Spells: 8/8 levels left

rFire    . . .     SeeInvis +   z - +0 morningstar
rCold    . . .     Gourm    .   (no shield)
rNeg     . . .     Faith    .   B - +0 chain mail
rPois    .         Spirit   .   (helmet restricted)
rElec    .         Reflect  .   (no cloak)
rCorr    .         Harm     .   m - +0 pair of gloves
MR       .....                  (no boots)
Stlth    ..........             (no amulet)
HPRegen  0.23/turn              f - ring of see invisible
MPRegen  0.11/turn              (no ring)

@: lethally poisoned (-2 -> -4), about to teleport, berserk cooldown, slowed,
very slow
A: retaliatory headbutt, horns 2
a: Berserk, Trog's Hand, Brothers in Arms, Burn Spellbooks, Renounce Religion


You were on level 7 of the Dungeon.
You worshipped Trog.
Trog was greatly pleased with you.
You were near starving.

You visited 1 branch of the dungeon, and saw 7 of its levels.

You collected 327 gold pieces.

Inventory:

Hand Weapons
 a - a +0 mace
 u - a +1 flail of holy wrath
 z - a +0 morningstar (weapon)
Armour
 m - a +0 pair of gloves (worn)
 B - a +0 chain mail (worn)
Jewellery
 f - a ring of see invisible (left hand)
Wands
 s - a wand of paralysis (8)
 v - a wand of flame (13)
 y - a wand of acid (12)
Scrolls
 d - a scroll of identify {@r1}
 g - 2 scrolls of fear {unknown}
 j - a scroll of noise {unknown}
 k - 4 scrolls of amnesia
 o - 2 scrolls of remove curse {unknown}
 p - a scroll of enchant armour {unknown}
 q - a scroll of immolation {unknown}
 t - 4 scrolls of teleportation
Potions
 b - a potion of berserk rage {unknown}
 e - a potion of heal wounds {unknown}
 h - 2 potions of brilliance {unknown}
 i - 2 potions of mutation {unknown}
 l - 2 potions of ambrosia
 n - 4 potions of flight
 r - a potion of agility {unknown}
 x - 3 potions of curing {@q1}
 A - a potion of degeneration {unknown}
Books
 w - a book of Conjurations

   Spells                             Type                      Level
   a - Magic Dart                     Conjuration                  1
   b - Searing Ray                    Conjuration                  2
   c - Dazzling Spray                 Conjuration/Hexes            3
   d - Fulminant Prism                Conjuration/Hexes            4
   e - Force Lance                    Conjuration/Translocation    4
   f - Iskenderun's Mystic Blast      Conjuration                  4
   Trog disapproves of the use of such an item.
Comestibles
 c - 11 rations


   Skills:
 + Level 9.0 Fighting
 * Level 11.7 Maces & Flails
 - Level 3.3 Armour
 - Level 3.1 Dodging


You had 8 spell levels left.
You didn't know any spells.

Dungeon Overview and Level Annotations

Branches:
Dungeon (7/15)             Temple (0/1) D:4

Altars:
Gozag
Hepliaklqana
Kikubaaqudgha
Okawaru
Qazlal
Ru
Vehumet
Wu Jian
Xom
Zin
The Shining One


Innate Abilities, Weirdness & Mutations

You reflexively headbutt those who attack you in melee.
You have a pair of horns on your head.


Message History

The killer bee stings you.
* * * LOW HITPOINT WARNING * * *
You are poisoned.
The killer bee poisons you! The killer bee misses you. You furiously retaliate!
You headbutt the killer bee! The killer bee misses you.
You furiously retaliate!
You headbutt the killer bee.
You kill the killer bee!
Trog accepts your kill.
Your Fighting skill increases to level 9!
The killer bee stings you!
* * * LOW HITPOINT WARNING * * *
As you read the scroll of teleportation, it crumbles to dust.
You feel strangely unstable.
You feel sick.
The killer bee stings you but does no damage.
The killer bee barely misses you. You furiously retaliate!
You headbutt the killer bee.
You kill the killer bee!
Trog accepts your kill. The scorpion stings you!
You die...

................# #.#.#
................###.#.#
......####.####.....#.#
......##.....##...>.....
......#.......#...(.#...
......#.......#.)...#...
.........._.............
......#.......#....#####
......#.......#†@......)
......##.....##s########
#####.####.####y.y.....
#.. .........######
#.####.#..###.. #..
....## .## ### .....# .#
.... # ...


You could see a scorpion and a killer bee.

Vanquished Creatures
  Edmund (D:6)
  Duvessa (D:6)
  A sky beast (D:6)
  A phantom (D:6)
  An ice beast (D:6)
  A black bear (D:7)
  2 ogres (D:6)
  The ghost of letownia2 the Conjurer, an amateur TeWz (D:4)
  2 bullfrogs (D:6)
  Dowan (D:6)
  A scorpion (D:7)
  5 killer bees (D:7)
  2 vampire bats (D:6)
  2 howler monkeys
  A jelly (D:5)
  A quasit (D:6)
  A hound (D:4)
  8 orc wizards
  An orc priest (D:3)
  An iguana (D:4)
  2 bullfrog skeletons
  A centaur skeleton (D:5)
  Ijyb (D:4)
  3 worker ants
  2 howler monkey zombies (D:6)
  Robin (D:2)
  5 adders
  An ooze (D:4)
  An adder zombie (D:6)
  2 dart slugs
  4 leopard geckos
  29 orcs
  12 bats
  3 giant cockroaches
  15 goblins
  6 hobgoblins
  4 jackals (D:3)
  4 kobolds
  A ball python zombie (D:5)
  A frilled lizard (D:3)
  6 rats
139 creatures vanquished.

Notes
Turn   | Place    | Note
-------+----------+-------------------------------------------
     0 | D:1      | aMcNicky the Minotaur Berserker began the quest for the Orb.
     0 | D:1      | Reached XP level 1. HP: 19/19 MP: 0/0
   177 | D:1      | Reached XP level 2. HP: 18/27 MP: 1/1
  1148 | D:2      | Found an opulent altar of Gozag.
  1155 | D:2      | Noticed Robin
  1161 | D:2      | Reached skill level 4 in Maces & Flails
  1164 | D:2      | Killed Robin
  1164 | D:2      | Reached XP level 3. HP: 28/33 MP: 2/2
  1428 | D:2      | Reached ** piety under Trog
  1692 | D:2      | Found a shimmering altar of Xom.
  1762 | D:3      | Reached XP level 4. HP: 40/40 MP: 3/3
  2022 | D:3      | Reached skill level 5 in Maces & Flails
  2028 | D:3      | Reached XP level 5. HP: 47/47 MP: 4/4
  2296 | D:3      | Found a hazy altar of Hepliaklqana.
  2503 | D:3      | Reached skill level 5 in Fighting
  2506 | D:3      | Reached skill level 6 in Maces & Flails
  2573 | D:4      | Noticed letownia2's ghost (amateur TeWz)
  2574 | D:4      | Reached *** piety under Trog
  2578 | D:4      | Reached XP level 6. HP: 44/56 MP: 5/5
  2585 | D:4      | Killed letownia2's ghost
  2717 | D:4      | Noticed Ijyb
  2735 | D:4      | Paralysed by Ijyb for 4 turns
  2739 | D:4      | Killed Ijyb
  2742 | D:4      | Reached skill level 7 in Maces & Flails
  2956 | D:4      | Found a staircase to the Ecumenical Temple.
  3150 | D:4      | Found a stormy altar of Qazlal.
  3151 | D:4      | Noticed a water elemental
  3152 | D:4      | Noticed an air elemental
  3154 | D:4      | Noticed a fire elemental
  3293 | D:4      | Found a shimmering altar of Xom.
  3296 | D:4      | Found a shimmering altar of Xom.
  3298 | D:4      | Found a shimmering altar of Xom.
  3298 | D:4      | Found a shimmering altar of Xom.
  3474 | D:5      | Entered Level 5 of the Dungeon
  3492 | D:5      | Reached XP level 7. HP: 63/63 MP: 6/6
  3635 | D:5      | Reached skill level 8 in Maces & Flails
  3948 | D:5      | Found a radiant altar of Vehumet.
  3948 | D:5      | Found an iron altar of Okawaru.
  4158 | D:5      | Found an ancient bone altar of Kikubaaqudgha.
  4256 | D:5      | Found a sacrificial altar of Ru.
  4431 | D:6      | Noticed Edmund
  4437 | D:6      | Noticed Duvessa
  4442 | D:6      | Killed Edmund
  4446 | D:6      | Noticed Dowan
  4450 | D:6      | Killed Duvessa
  4450 | D:6      | Reached skill level 9 in Maces & Flails
  4450 | D:6      | Reached XP level 8. HP: 73/73 MP: 7/7
  4459 | D:6      | Killed Dowan
  4679 | D:6      | Found a glowing golden altar of the Shining One.
  4898 | D:6      | Reached skill level 10 in Maces & Flails
  4946 | D:6      | Reached **** piety under Trog
  5356 | D:6      | Reached skill level 11 in Maces & Flails
  5368 | D:6      | Found a glowing silver altar of Zin.
  5564 | D:6      | Found the +4 Vampire's Tooth {vamp}
  5730 | D:7      | Found an ornate altar of the Wu Jian Council.
  5764 | D:7      | Reached XP level 9. HP: 75/82 MP: 8/8
  5775 | D:7      | Slain by a scorpion

Skill      XL: |  1  2  3  4  5  6  7  8  9 |
---------------+----------------------------+-----
Fighting       | 4 5 6 7 8 9 |  9.0
Maces & Flails | 4 5 6 7 9 11 | 11.7
Armour         | 3 |  3.3
Dodging        | 3 |  3.1

Action                   |  1- 3 |  4- 6 |  7- 9 || total
-------------------------+-------+-------+-------++-------
Melee: Mace              |    64 |   104 |    27 ||   195
       Headbutt          |    11 |    21 |    29 ||    61
       Morningstar       |       |       |   121 ||   121
Invok: Berserk           |     1 |     1 |     4 ||     6
  Use: Scroll            |       |     3 |     4 ||     7
       Potion            |       |       |     1 ||     1
  Eat: Ration            |     1 |       |     2 ||     3
       Chunk             |       |     7 |     2 ||     9
Armor: Animal skin       |     7 |       |       ||     7
       Ring mail         |    17 |    31 |    16 ||    64
       Chain mail        |       |       |    67 ||    67
Dodge: Dodged            |    51 |   100 |    96 ||   247
